 Dungeon Crawl Stone Soup version 0.31-a0-236-g9a0961fb85 (webtiles) character file.

Game seed: 11959782544036776942

124 garrulousMonolith the Firebug (level 5, -1/37 HPs)
             Began as a Gnoll Fire Elementalist on July 11, 2023.
             Killed by nerve-wracking pain
             ... invoked by Grinder
              (11 damage)
             ... on level 3 of the Dungeon.
             The game lasted 00:03:34 (2157 turns).

garrulousMonolith the Firebug (GnFE)                Turns: 2157, Time: 00:03:35

Health: -1/37      AC:  3    Str:  7    XL:     5   Next: 8%
Magic:  5/12       EV: 13    Int: 17    God:
Gold:   68         SH:  0    Dex: 12    Spells: 4/14 levels left

rFire   . . .        k - +2 whip (elec)
rCold   . . .        (no shield)
rNeg    . . .        a - +0 robe
rPois   .            (no helmet)
rElec   .            (no cloak)
rCorr   .            h - +0 pair of gloves
SInv    .            (no boots)
Will    .....        (no amulet)
Stlth   +++          (no ring)
HPRegen 0.26/turn    (no ring)
MPRegen 0.13/turn

%: no passive effects
@: no status effects
A: fangs 1, strong nose, distributed training
a: no special abilities


You were on level 3 of the Dungeon.
You visited 1 branch of the dungeon, and saw 3 of its levels.

You collected 68 gold pieces.

Inventory:

Hand Weapons
 i - a +0 sling
 k - a +2 whip of electrocution (weapon)
Missiles
 g - 5 boomerangs
Armour
 a - a +0 robe (worn)
 h - a +0 pair of gloves (worn)
Scrolls
 c - a scroll of identify {unknown}
 j - a scroll of noise {unknown}
Potions
 b - a potion of magic
 d - a potion of ambrosia {unknown}
 e - a potion of brilliance {unknown}
 f - 3 potions of curing {unknown}
 l - 2 potions of attraction {unknown}
 m - 2 potions of enlightenment {unknown}


   Skills:
 + Level 1.4 Fighting
 + Level 1.4 Short Blades
 + Level 1.4 Long Blades
 + Level 1.4 Axes
 + Level 1.4 Maces & Flails
 + Level 1.4 Polearms
 + Level 1.4 Staves
 + Level 1.4 Ranged Weapons
 + Level 1.4 Throwing
 + Level 1.4 Armour
 + Level 4.7 Dodging
 + Level 4.3 Stealth
 + Level 1.4 Shields
 + Level 1.4 Unarmed Combat
 + Level 5.1 Spellcasting
 + Level 2.3 Conjurations
 + Level 1.1 Hexes
 + Level 1.1 Summonings
 + Level 1.1 Necromancy
 + Level 1.1 Translocations
 + Level 1.1 Transmutations
 + Level 5.5 Fire Magic
 + Level 1.1 Ice Magic
 + Level 1.1 Air Magic
 + Level 1.1 Earth Magic
 + Level 1.1 Poison Magic
 + Level 1.5 Invocations
 + Level 1.4 Evocations


You had 4 spell levels left.
You knew the following spells:

 Your Spells              Type           Power      Damage    Failure   Level
a - Foxfire               Conj/Fire      68%        2x1d7     2%          1
b - Scorch                Fire           46%        2d7       2%          2
c - Volatile Blastmotes   Fire/Tloc      30%        2d12      11%         3
d - Flame Wave            Conj/Fire      17%        2d7       26%         4

Your spell library contained the following spells:

 Spells                   Type           Power      Damage    Failure   Level
 Beastly Appendage        Tmut           16%        N/A       9%          1
 Inner Flame              Hex/Fire       15%        N/A       11%         3
 Wereblood                Tmut           8%         N/A       13%         2
 Spider Form              Tmut/Pois      8%         N/A       26%         3


Dungeon Overview and Level Annotations

Branches:
Dungeon (3/15)

Altars:

Shops:
D:1 [

Annotations:
D:3 Grinder, Pargi


Innate Abilities, Weirdness & Mutations

You have very sharp teeth.
Your uncanny sense of smell can sniff out nearby items.
Your experience applies equally to all skills.


Message History

Casting: Foxfire (safe; 2% risk of failure)
Confirm with . or Enter, or press ? or * to list all spells.
Okay, then.
Okay, then.
Okay, then.
Casting: Foxfire (safe; 2% risk of failure)
Confirm with . or Enter, or press ? or * to list all spells.
Flames lash Pargi.
Pargi is lightly wounded.
Pargi's fire resistance burns away.
Grinder is no longer more vulnerable to fire.
Pargi bites you! Pargi claws you. Pargi claws you but does no damage.
Casting: Scorch (safe; 2% risk of failure)
Confirm with . or Enter, or press ? or * to list all spells.
You don't know that spell.
Casting: Scorch (safe; 2% risk of failure)
Confirm with . or Enter, or press ? or * to list all spells.
You conjure some foxfire!
Pargi bites you. Pargi misses you. Pargi claws you but does no damage.
Grinder gestures at you. Pain shoots through your body!
Pargi is no longer more vulnerable to fire.
The foxfire hits Pargi!
Pargi is moderately wounded.
The foxfire hits Pargi.
Pargi is moderately wounded.
Pargi bites you! Pargi claws you but does no damage. Pargi closely misses you.
Grinder gestures at you. Pain shoots through your body!
* * * LOW HITPOINT WARNING * * *
Okay, then.
Okay, then.
You aren't carrying any items that you can evoke.
Pargi attacks as you move away! Pargi misses you. Pargi closely misses you.
Pargi claws you but does no damage.
Pargi snarls, "My home!
Leave!"
Pargi attacks as you move away! Pargi barely misses you. x3
Grinder gestures at you. Pain shoots through your body!
You die...

#5..:..[... .# ...
##..#.....#.#.###....
##......# .....v....
#..#..#5# ###.#.##....
#.##T...# #...........
###.##.#.####.#.........
.......#.###..#....5...$
###....<.##..##.T.......
....#..####.###.@.......
....##..###.#####...####
....##..#.<.......###
.................##
.........#[......#
.........#########
####....## #....# #....#


You could see Grinder and Pargi.

Vanquished Creatures
  Natasha (D:3)
  5 adders (D:2)
  A worm (D:2)
  A dart slug (D:2)
  6 bats (D:1)
  5 endoplasms
  3 giant cockroaches
  6 goblins (D:1)
  5 hobgoblins
  2 quokkas
  5 ball pythons
  5 kobolds (D:1)
  3 rats
48 creatures vanquished.

Vanquished Creatures (others)
  171 foxfires
171 creatures vanquished.

Grand Total: 219 creatures vanquished

Notes
Turn   | Place    | Note
-------+----------+-------------------------------------------
     0 | D:1      | garrulousMonolith the Gnoll Fire Elementalist began the
                  | quest for the Orb.
     0 | D:1      | Reached XP level 1. HP: 13/13 MP: 6/6
    13 | D:1      | Found Ymnuf's Armour Emporium.
    83 | D:1      | Reached XP level 2. HP: 19/19 MP: 4/7
   134 | D:1      | Learned a level 2 spell: Scorch
   512 | D:1      | Reached skill level 5 in Spellcasting
   512 | D:1      | Reached XP level 3. HP: 25/25 MP: 5/9
   516 | D:1      | Learned a level 3 spell: Volatile Blastmotes
   941 | D:2      | Reached skill level 1 in Invocations
  1044 | D:2      | Reached skill level 1 in Fighting
  1044 | D:2      | Reached skill level 1 in Short Blades
  1044 | D:2      | Reached skill level 1 in Long Blades
  1044 | D:2      | Reached skill level 1 in Axes
  1044 | D:2      | Reached skill level 1 in Maces & Flails
  1044 | D:2      | Reached skill level 1 in Polearms
  1044 | D:2      | Reached skill level 1 in Staves
  1044 | D:2      | Reached skill level 1 in Ranged Weapons
  1044 | D:2      | Reached skill level 1 in Throwing
  1044 | D:2      | Reached skill level 1 in Armour
  1044 | D:2      | Reached skill level 1 in Shields
  1044 | D:2      | Reached skill level 1 in Unarmed Combat
  1044 | D:2      | Reached skill level 1 in Evocations
  1258 | D:2      | Reached XP level 4. HP: 32/32 MP: 8/11
  1477 | D:2      | Found a faded altar of an unknown god.
  1720 | D:2      | Reached skill level 1 in Hexes
  1720 | D:2      | Reached skill level 1 in Summonings
  1720 | D:2      | Reached skill level 1 in Necromancy
  1720 | D:2      | Reached skill level 1 in Translocations
  1720 | D:2      | Reached skill level 1 in Transmutations
  1720 | D:2      | Reached skill level 1 in Ice Magic
  1720 | D:2      | Reached skill level 1 in Air Magic
  1720 | D:2      | Reached skill level 1 in Earth Magic
  1720 | D:2      | Reached skill level 1 in Poison Magic
  2075 | D:3      | Noticed Pargi
  2075 | D:3      | Noticed Grinder
  2077 | D:3      | Noticed Natasha
  2138 | D:3      | Killed Natasha
  2139 | D:3      | Reached XP level 5. HP: 37/37 MP: 8/12
  2144 | D:3      | Learned a level 4 spell: Flame Wave
  2145 | D:3      | Paralysed by Grinder for 2 turns
  2157 | D:3      | Killed from afar by Grinder

Illustrated notes

Levels and vault maps discovered:
D:1:      dpeg_arrival_refuge, layout_rooms, serial_shops, shop, minmay_tripent
D:2:      layout_basic, chequers_ecumenical_altar_simple
D:3:      layout_rooms, serial_shops, nicolae_shop_crystal,
          amcnicky_mini_pool_small, uniq_grinder, uniq_jessica, uniq_pargi,
          uniq_natasha

Skill      XL: |  1  2  3  4 |
---------------+-------------+-----
Conjurations   | 2 |  2.3
Spellcasting   | 5 |  5.1
Invocations    | 1 |  1.5
Fighting       | 1 |  1.4
Short Blades   | 1 |  1.4
Long Blades    | 1 |  1.4
Axes           | 1 |  1.4
Maces & Flails | 1 |  1.4
Polearms       | 1 |  1.4
Staves         | 1 |  1.4
Ranged Weapons | 1 |  1.4
Throwing       | 1 |  1.4
Armour         | 1 |  1.4
Shields        | 1 |  1.4
Unarmed Combat | 1 |  1.4
Evocations     | 1 |  1.4
Hexes          | 1 |  1.1
Summonings     | 1 |  1.1
Necromancy     | 1 |  1.1
Translocations | 1 |  1.1
Transmutations | 1 |  1.1
Ice Magic      | 1 |  1.1
Air Magic      | 1 |  1.1
Earth Magic    | 1 |  1.1
Poison Magic   | 1 |  1.1
Dodging        | |  4.7
Stealth        | |  4.3
Fire Magic     | |  5.5

Action                     |  1- 3 |  4- 6 || total
---------------------------+-------+-------++-------
   Cast: Foxfire           |    74 |    36 ||   110
         Scorch            |     1 |     4 ||     5
 Armour: Robe              |     1 |     5 ||     6
  Dodge: Dodged            |     1 |    11 ||    12

Table legend: (Time is in decaauts)
 A = Elapsed time spent in this place.
 B = Non-inter-level travel time spent in this place.
 C = Inter-level travel time spent in this place.
 D = Time resting spent in this place.
 E = Time spent auto-exploring this place.
 F = Levels seen in this place.
 G = Mean time per level.
                   A        B        C        D        E       F      G
               +--------+--------+--------+--------+--------+-----+--------+
         Total |   2156 |   2046 |    110 |     71 |   1593 |   3 |  718.7 |
       Dungeon |   2156 |   2046 |    110 |     71 |   1593 |   3 |  718.7 |
               +--------+--------+--------+--------+--------+-----+--------+

Top non-repeatable levels by time:
     D:2: 1079 daAuts
     D:1: 916 daAuts
     D:3: 160 daAuts
